 Dungeon Crawl Stone Soup version 0.30.1-3-gfc49f6343a (webtiles) character file.

Game seed: 209414870953488951

14571 monsoonserge the Thaumaturge (level 12, 0/76 HPs)
             Began as a Djinni Fire Elementalist on July 19, 2023.
             Was an Initiate of Gozag.
             Slain by a frost giant
             ... wielding a +1 battleaxe of freezing
              (5 damage)
             ... in an ice cave.
             The game lasted 00:57:06 (9552 turns).

monsoonserge the Thaumaturge (DjFE)                 Turns: 9552, Time: 00:57:07

Health: 0/76       AC:  7    Str:  7    XL:     12   Next: 46%
Gold:   1233       EV:  7    Int: 28    God:    Gozag SH: 14 Dex: 21

rFire   + + .        B - +6 dagger of the Usurping Gods {heavy, rN+ rCorr Int+7 Stlth-}
rCold   . . .        E - +0 tower shield
rNeg    + + +        C - +2 robe {Archmagi}
rPois   ∞            O - +2 hat of Jukkugiw {rN+ Will+ Stlth+}
rElec   +            p - +0 cloak
rCorr   +            (no gloves)
SInv    .            (boots unavailable)
Will    ++...        q - amulet of regeneration
Stlth   ++           y - ring of positive energy
HPRegen 1.12/turn    P - ring "Koska" {rElec rC+ Dex+6}
MPRegen 0.00/turn

%: archmagi, infuse magic (-1 HP)
@: gold aura, flying
A: sickness immunity, fire resistance 2, cold vulnerability 1, float, innate
caster, HP casting, extra vitality 1
a: Renounce Religion, Potion Petition, Call Merchant, Bribe Branch


You were in an ice cave.
You worshipped Gozag.
Gozag was most pleased with you.
You visited 1 branch of the dungeon, and saw 11 of its levels.
You also visited: Ossuary, Bailey and Ice Cave.

You collected 2141 gold pieces.
You paid 908 gold pieces to Gozag.

Inventory:

Hand Weapons
 B - the +6 dagger of the Usurping Gods (weapon) {heavy, rN+ rCorr Int+7 Stlth-}
   (You found it on level 4 of the Dungeon)

   Int:       It affects your intelligence (+7).
   rN:        It protects you from negative energy.
   rCorr:     It protects you from acid and corrosion.
   Stlth:     It makes you less stealthy.
Missiles
 b - 12 boomerangs (quivered)
 m - 2 throwing nets
 M - 2 poisoned darts
 T - 4 curare-tipped darts
Armour
 p - a +0 cloak (worn)
 C - a +2 robe of the Archmagi (worn)
 E - a +0 tower shield (worn)
 O - the +2 hat of Jukkugiw (worn) {rN+ Will+ Stlth+}
   (You acquired it in a bailey)

   rN:        It protects you from negative energy.
   Will:      It increases your willpower.
   Stlth:     It makes you more stealthy.
 U - the +9 plate armour "Pox Beufiot" {rPois Str+2 Int+4}
   (You found it on level 11 of the Dungeon)

   Str:       It affects your strength (+2).
   Int:       It affects your intelligence (+4).
   rPois:     It protects you from poison.
Jewellery
 i - a ring of ice
 q - an amulet of regeneration (around neck)
 y - a ring of positive energy (left hand)
 P - the ring "Koska" (right hand) {rElec rC+ Dex+6}
   (You acquired it in a bailey)

   [ring of dexterity]

   Dex:       It affects your dexterity (+6).
   rC:        It protects you from cold.
   rElec:     It insulates you from electricity.
 Q - an amulet of the acrobat
Wands
 d - a wand of light (16)
 v - a wand of paralysis (7)
 x - a wand of iceblast (9)
 z - a wand of polymorph (6)
 I - a wand of mindburst (17)
 S - a wand of flame (15)
Scrolls
 g - a scroll of enchant armour {unknown}
 h - 6 scrolls of teleportation {unknown}
 j - 6 scrolls of immolation {unknown}
 l - 7 scrolls of identify {unknown}
 n - 2 scrolls of butterflies {unknown}
 r - 3 scrolls of poison {unknown}
 s - 3 scrolls of enchant weapon
 A - 3 scrolls of noise {unknown}
 D - 6 scrolls of fog {unknown}
 F - 2 scrolls of silence {unknown}
 G - 7 scrolls of fear {unknown}
 H - 4 scrolls of amnesia {unknown}
 K - 2 scrolls of vulnerability {unknown}
 N - 4 scrolls of blinking {unknown}
 R - 2 scrolls of magic mapping {unknown}
 V - 2 scrolls of brand weapon {unknown}
Potions
 a - 2 potions of mutation {unknown}
 c - 2 potions of degeneration {unknown}
 e - 6 potions of curing {unknown}
 f - 2 potions of might {unknown}
 k - a potion of attraction {unknown}
 o - a potion of lignification {unknown}
 t - 6 potions of haste
 u - 2 potions of flight {unknown}
 w - a potion of magic {unknown}
 J - 3 potions of brilliance {unknown}
 W - a potion of invisibility {unknown}


   Skills:
 + Level 2.7 Fighting
 - Level 4.8 Armour
 + Level 3.2 Dodging
 + Level 2.1 Stealth
 * Level 3.0 Shields
 * Level 13.9 Spellcasting
 + Level 2.0 Evocations


You knew the following spells:

 Your Spells              Type           Power      Damage    Failure   Level
a - Foxfire               Conj/Fire      100%       2x1d9     1%          1
b - Scorch                Fire           100%       2d9       1%          2
c - Volatile Blastmotes   Fire/Tloc      100%       2d18      1%          3
d - Inner Flame           Hex/Fire       98%        N/A       1%          3
e - Flame Wave            Conj/Fire      98%        2d20      6%          4
f - Summon Small Mammal   Summ           100%       N/A       1%          1
g - Blink                 Tloc           100%       N/A       1%          2
h - Ozocubu's Armour      Ice            98%        N/A       1%          3
i - Gell's Gravitas       Tloc           98%        N/A       1%          3
j - Dispel Undead         Necr           98%        3d31      6%          4
Your spell library was empty.

Dungeon Overview and Level Annotations

Branches:
Dungeon (11/15)            Temple (0/1) D:5            Lair (0/5) D:9
    Orc (0/2) D:10        Ossuary (visited)          Bailey (visited)
  IceCv (1/1)

Altars:
Ashenzari
Gozag
Nemelex Xobeh
Ru
Wu Jian
Yredelemnul

Shops:
D:9 =

Annotations:
IceCv exclusion: ice statue


Innate Abilities, Weirdness & Mutations

You are immune to sickness and miasma.
You are immune to poison.
Your flesh is very heat resistant. (rF++)
You are vulnerable to cold. (rC-)
You float through the air rather than walking.
You learn spells naturally, not from books.
Your magical power is your life essence.
You have superior vitality. (+4 MHP)


Message History

Some ice crusted deep water.
Casting: Scorch (safe; 1% risk of failure)
Confirm with . or Enter, or press ? or * to list all spells.
Okay, then.
Casting: Scorch (safe; 1% risk of failure)
Confirm with . or Enter, or press ? or * to list all spells.
Okay, then.
Aiming: Polymorph
Press: ? - help, Shift-Dir - straight line, f - frost giant
Aim: a frost giant, wielding a +1 battleaxe of freezing (water, lightly wounded, more vulnerable to fire, will become a black draconian, a quicksilver dragon, or a slime creature, chance to affect: 10%)
Okay, then.
Unknown command.
Casting: Scorch (safe; 1% risk of failure)
Confirm with . or Enter, or press ? or * to list all spells.
You feel a surge of power!
Flames lash the frost giant.
The frost giant is burned terribly!
The frost giant is lightly wounded.
The frost giant is engulfed in a cloud of scalding steam.
The frost giant points at you and mumbles some strange words.
The bolt of cold hits you.
Casting: Scorch (safe; 1% risk of failure)
Confirm with . or Enter, or press ? or * to list all spells.
You feel a surge of power!
Flames lash the frost giant but do no damage.
You are engulfed in freezing vapours.
* * * LOW HITPOINT WARNING * * *
The frost giant is engulfed in a cloud of scalding steam.
Press: ? - help, v - describe, . - travel
Here: a frost giant, wielding a +1 battleaxe of freezing (freezing vapour, water, moderately wounded, more vulnerable to fire) Some ice crusted deep water.
You feel much better.
You are engulfed in freezing vapours.
* * * LOW HITPOINT WARNING * * *
Press: ? - help, v - describe, . - travel Some ice crusted deep water.
You feel much better.
The frost giant hits you with a +1 battleaxe of freezing!!
* * * LOW HITPOINT WARNING * * *
The frost giant freezes you.
You die...
Your body crumbles into a pile of gold.

######..#
#..##
.#...#..#
##..##
..##...##
##..#
....####
#.#.# #..##
##..## ####
#..## ##.##
#.#.###
##.≈≈@###
##≈≈C≈≈#
#≈≈§####
#≈≈≈$#
#####.Y.....
Y..###.
Y.##$$ Y.#


$$$$ ..# You could see a frost giant (combustible).

Vanquished Creatures
  2 two-headed ogres
  2 orc high priests (Bailey)
  3 death yaks (IceCv)
  Sonja (D:10)
  Maggie (D:9)
  An unseen horror (D:11)
  2 rime drakes (IceCv)
  4 polar bears (IceCv)
  2 trolls
  A shadow (D:10)
  15 yaks
  Eustachio (D:5)
  A wyvern (D:10)
  2 wraiths
  4 steam dragons
  2 water moccasins
  Duvessa (D:6)
  An acid dragon (D:9)
  11 orc warriors
  A black bear (D:4)
  4 ogres
  A wolf (IceCv)
  3 scorpions
  Dowan (D:6)
  3 wights (D:8)
  10 killer bees
  4 howler monkeys
  4 electric eels (Bailey)
  4 jellies
  4 hounds
  5 orc priests
  3 gnoll boudas
  3 sleepcaps
  3 iguanas
  Natasha (thrice) (D:3)
  8 orc wizards
  2 mummies (Ossuary)
  Robin (D:2)
  15 gnolls
  2 adders (D:2)
  A naga simulacrum (D:11)
  A shadow imp (D:3)
  An ufetubus (D:5)
  4 adder zombies (Ossuary)
  A worm (D:3)
  3 dart slugs
  44 orcs
  4 ball pythons
  11 endoplasms
  2 giant cockroaches
  3 gnoll zombies (Ossuary)
  19 goblins
  13 hobgoblins
  9 jackals
  3 kobolds
  A quokka (D:3)
  7 bats
  2 frilled lizards
  3 hobgoblin zombies (Ossuary)
  9 kobold zombies (Ossuary)
  3 orc zombies (Ossuary)
  6 rats
291 creatures vanquished.

Vanquished Creatures (collateral kills)
  2 foxfires
2 creatures vanquished.

Vanquished Creatures (others)
  A polar bear (IceCv)
  636 foxfires
637 creatures vanquished.

Grand Total: 930 creatures vanquished

Notes
Turn   | Place    | Note
-------+----------+-------------------------------------------
     0 | D:1      | monsoonserge the Djinni Fire Elementalist began the quest
                  | for the Orb.
     0 | D:1      | monsoonserge set off with the following spells memorised:
                  | Foxfire, Scorch, Volatile Blastmotes, Inner Flame, Flame
                  | Wave.
     0 | D:1      | Reached XP level 1. HP: 15/15 MP: 0/0
   163 | D:1      | Reached XP level 2. HP: 19/21 MP: 0/0
   207 | D:1      | Reached skill level 3 in Spellcasting
   280 | D:1      | Reached XP level 3. HP: 24/25 MP: 0/0
   280 | D:1      | Learned a level 1 spell: Summon Small Mammal
   420 | D:1      | Found a faded altar of an unknown god.
   555 | D:2      | Noticed Robin
   641 | D:2      | Killed Robin
   642 | D:2      | Reached XP level 4. HP: 23/31 MP: 0/0
   739 | D:2      | Identified the +0 robe "Neskig" {-Cast Fly rC+++ SInv}
  1196 | D:3      | Noticed a scorpion
  1282 | D:2      | Killed a scorpion
  1283 | D:2      | Reached skill level 4 in Spellcasting
  1283 | D:2      | Reached XP level 5. HP: 16/35 MP: 0/0
  1283 | D:2      | Learned a level 2 spell: Blink
  1512 | D:3      | Found an opulent altar of Gozag.
  1565 | D:3      | Found a basalt altar of Yredelemnul.
  1745 | D:3      | Noticed Natasha
  1748 | D:3      | Killed Natasha
  1749 | D:3      | Reached XP level 6. HP: 28/40 MP: 0/0
  1909 | D:3      | Noticed Natasha
  1917 | D:3      | Killed Natasha
  2022 | D:3      | Noticed Natasha
  2039 | D:3      | Killed Natasha
  2040 | D:3      | Reached skill level 5 in Spellcasting
  2163 | D:4      | Noticed a black bear
  2176 | D:4      | Killed a black bear
  2177 | D:4      | Reached skill level 1 in Armour
  2177 | D:4      | Reached XP level 7. HP: 45/45 MP: 0/0
  2177 | D:4      | Learned a level 3 spell: Ozocubu's Armour
  2688 | D:4      | Identified the +6 dagger of the Usurping Gods {heavy, rN+
                  | rCorr Int+7 Stlth-}
  2848 | D:5      | Entered Level 5 of the Dungeon
  2901 | D:5      | Found an ornate altar of the Wu Jian Council.
  3003 | D:5      | Reached skill level 6 in Spellcasting
  3045 | D:5      | Noticed Eustachio
  3054 | D:5      | Killed Eustachio
  3055 | D:5      | Reached XP level 8. HP: 42/50 MP: 0/0
  3146 | D:5      | Reached skill level 1 in Evocations
  3268 | D:5      | Found a staircase to the Ecumenical Temple.
  3432 | D:5      | Reached skill level 7 in Spellcasting
  3772 | D:6      | Reached XP level 9. HP: 54/55 MP: 0/0
  3772 | D:6      | Learned a level 3 spell: Gell's Gravitas
  3851 | D:6      | Reached skill level 8 in Spellcasting
  3916 | D:6      | Found a sand-covered staircase.
  3924 | Ossuary  | Entered an ossuary
  4609 | D:6      | Noticed Dowan
  4610 | D:6      | Noticed Duvessa
  4617 | D:6      | Killed Dowan
  4624 | D:6      | Killed Duvessa
  4946 | D:7      | Noticed a troll
  4960 | D:7      | Killed a troll
  4961 | D:7      | Reached skill level 9 in Spellcasting
  5606 | D:8      | Found a broken altar of Ashenzari.
  5645 | D:8      | Reached XP level 10. HP: 61/61 MP: 0/0
  5654 | D:8      | You are sucked into a shaft and drop 2 floors!
  5654 | D:10     | Entered Level 10 of the Dungeon
  5672 | D:10     | Found a sacrificial altar of Ru.
  5701 | D:10     | Reached skill level 10 in Spellcasting
  5745 | D:10     | Found a staircase to the Orcish Mines.
  5874 | D:10     | Found a flagged portal.
  5883 | Bailey   | Entered a bailey
  5961 | Bailey   | Noticed an orc high priest
  5967 | Bailey   | Noticed a rust devil
  5973 | Bailey   | Killed an orc high priest
  5974 | Bailey   | Reached skill level 11 in Spellcasting
  6123 | Bailey   | Acquired 922 gold pieces
  6125 | Bailey   | Acquired the ring "Koska" {rElec rC+ Dex+6}
  6128 | Bailey   | Acquired the +2 hat of Jukkugiw {rN+ Will+ Stlth+}
  6377 | Bailey   | Found an iron altar of Okawaru.
  6387 | Bailey   | Noticed an orc high priest
  6395 | Bailey   | Noticed a soul eater
  6395 | Bailey   | Noticed a smoke demon
  6395 | Bailey   | Killed an orc high priest
  6396 | Bailey   | Reached XP level 11. HP: 64/66 MP: 0/0
  6396 | Bailey   | Learned a level 4 spell: Dispel Undead
  6686 | D:9      | Noticed Maggie
  6691 | D:9      | Killed Maggie
  6692 | D:9      | Reached skill level 12 in Spellcasting
  6724 | D:9      | Noticed a two-headed ogre
  6904 | D:3      | Became a worshipper of Gozag Ym Sagoz the Greedy
  7141 | D:8      | Reached skill level 1 in Fighting
  7307 | D:8      | Noticed a two-headed ogre
  7322 | D:8      | Killed a two-headed ogre
  7428 | D:8      | Identified the +0 chain mail "Kusown" {rF+ Will+}
  7545 | D:8      | Found a sparkling altar of Nemelex Xobeh.
  7727 | D:9      | Found a staircase to the Lair.
  7755 | D:9      | Killed a two-headed ogre
  7756 | D:9      | Reached skill level 1 in Shields
  8309 | D:10     | Noticed Sonja
  8320 | D:10     | Killed Sonja
  8920 | D:11     | Identified the +9 plate armour "Pox Beufiot" {rPois Str+2
                  | Int+4}
  8932 | D:11     | Reached skill level 13 in Spellcasting
  9228 | D:11     | Found a frozen archway.
  9267 | IceCv    | Entered an ice cave
  9271 | IceCv    | Reached XP level 12. HP: 70/76 MP: 0/0
  9305 | IceCv    | Noticed a death yak
  9319 | IceCv    | Killed a death yak
  9436 | IceCv    | Noticed a death yak
  9447 | IceCv    | Noticed a death yak
  9452 | IceCv    | Killed a death yak
  9455 | IceCv    | Killed a death yak
  9535 | IceCv    | Noticed a death yak
  9535 | IceCv    | Noticed a frost giant
  9550 | IceCv    | HP: 3/76 [frost giant] (22)]
  9551 | IceCv    | HP: 1/76 [frost giant] (24)]
  9552 | IceCv    | Slain by a frost giant

Illustrated notes

Levels and vault maps discovered:
D:1:      saegor_arrival_simple_b, layout_rooms, ebering_ecumenical_altar_hall
D:2:      layout_basic, uniq_robin
D:3:      layout_rooms, mainiacjoe_overflow_cross_hatched, lemuel_tele_altar,
          hex_large, grunt_decor_fettered, st_stairs_11,
          kennysheep_small_spiral, uniq_natasha
D:4:      layout_cave_pods
D:5:      layout_loops_cross, mainiacjoe_overflow_alcove_4,
          minmay_temple_entry_proselytizer, uniq_eustachio
D:6:      layout_loops_corners, chequers_ossuary_entry_cave, uniq_duvessa
D:7:      layout_gridville
D:8:      layout_basic, kennysheep_mini, nemelex_xobeh_ov_fountains_minmay
D:9:      layout_irregular_city, lair_entry_dummy, uniq_maggie
D:10:     layout_long_grid, nicolae_ru_sacrificial_ziggurat,
          minmay_orc_entry_temple_small, enter_bailey_6,
          kennysheep_generic_room_14, uniq_sonja
D:11:     layout_stronghold, portal_ice_cave_entry_ice_simulacra
IceCv:    ice_cave_small_giant

Skill      XL: |  1  2  3  4  5  6  7  8  9 10 11 12 |
---------------+-------------------------------------+-----
Spellcasting   | 3 4 5 6 7 9 11 13 | 13.9
Armour         | 1 2 3 4 |  4.8
Stealth        | 2 |  2.1
Evocations     | 1 2 |  2.0
Dodging        | 3 |  3.2
Fighting       | 2 |  2.7
Shields        | 2 3 |  3.0

Action                     |  1- 3 |  4- 6 |  7- 9 | 10-12 || total
---------------------------+-------+-------+-------+-------++-------
  Melee: War axe           |     1 |       |       |       ||     1
         Dagger            |       |    17 |     6 |     1 ||    24
   Cast: Foxfire           |    52 |    63 |    70 |   182 ||   367
         Scorch            |     1 |    11 |    52 |    97 ||   161
         Volatile Blastmot |       |     6 |    68 |    55 ||   129
         Inner Flame       |       |       |     2 |     1 ||     3
         Flame Wave        |       |       |     6 |    10 ||    16
         Gell's Gravitas   |       |       |     3 |    17 ||    20
         Blink             |       |       |       |     2 ||     2
         Summon Small Mamm |       |       |       |     1 ||     1
         Ozocubu's Armour  |       |       |       |     3 ||     3
 Invoke: Call Merchant     |       |       |       |     1 ||     1
  Evoke: Wand              |       |     2 |       |       ||     2
    Use: Scroll            |       |       |       |     3 ||     3
         Potion            |       |       |       |     4 ||     4
   Stab: Sleeping          |       |     1 |       |       ||     1
 Armour: Robe              |     2 |     4 |       |    14 ||    20
         Leather armour    |       |     4 |    17 |     1 ||    22
  Dodge: Dodged            |     3 |    24 |    28 |    23 ||    78
  Block: Tower shield      |       |       |       |    34 ||    34
